 Dungeon Crawl Stone Soup version 0.28.0-45-g0d030f2227 (webtiles) character file.

Game seed: 18329788994758105026

4 selver the Magician (level 1, 9/15 HPs)
             Began as a Djinni Fire Elementalist on Apr 10, 2022.
             Quit the game on level 1 of the Dungeon.
             The game lasted 00:02:08 (75 turns).

selver the Magician (Djinni Fire Elementalist)        Turns: 75, Time: 00:02:08

Health: 9/15       AC:  2    Str:  7    XL:     1   Next: 66%
Gold:   0          EV: 12    Int: 16    God:
                   SH:  0    Dex: 13

rFire   + + .      SeeInvis .   (no weapon)
rCold   x . .      Faith    .   (no shield)
rNeg    . . .      Spirit   .   a - +0 robe
rPois   ∞          Reflect  .   (no helmet)
rElec   .          Harm     .   (no cloak)
rCorr   .          Rampage  .   (no gloves)
Will    .....                   (boots unavailable)
Stlth   ++........              (no amulet)
HPRegen 0.05/turn               (no ring)
MPRegen 0.00/turn               (no ring)

@: flying
A: sickness immunity, fire resistance 2, cold vulnerability 1, float, innate
caster, HP casting, extra vitality 1
a: no special abilities


You were on level 1 of the Dungeon.
You visited 1 branch of the dungeon, and saw 1 of its levels.

Inventory:

Hand Weapons
 b - a +0 short sword
Armour
 a - a +0 robe (worn)


   Skills:
 - Level 2.2 Dodging
 - Level 1.5 Stealth
 + Level 2.6 Spellcasting


You couldn't memorise any spells.
You knew the following spells:

 Your Spells              Type           Power      Damage    Failure   Level
a - Foxfire               Conj/Fire      40%        2x1d6     7%          1
b - Scorch                Fire           20%        2d6       10%         2
c - Conjure Flame         Conj/Fire      10%        6-21      21%         3
d - Inner Flame           Hex/Fire       10%        N/A       21%         3
e - Flame Wave            Conj/Fire      10%        2d5       54%         4
Your spell library was empty.

Dungeon Overview and Level Annotations

Branches:
Dungeon (1/15)

Altars:


Innate Abilities, Weirdness & Mutations

You are immune to sickness and miasma.
You are immune to poison.
Your flesh is very heat resistant. (rF++)
You are vulnerable to cold. (rC-)
You float through the air rather than walking.
You learn spells naturally, not from books.
Your magical power is your life essence.
You have superior vitality. (+4 MHP)


Message History

You reach down and open the door.
There is an open door here.
There is an open door here.
A rat comes into view.
Cast which spell? (? or * to list)
Okay, then.
Cast which spell? (? or * to list)
You conjure some foxfire!
The foxfire hits the rat.
You kill the rat!
No target in view!
Your foxfire dissipates!
HP restored.
A rat comes into view.
A ball python and a kobold come into view.
The ball python hisses angrily.
The kobold shouts!
You closely miss the rat.
Casting: Foxfire (safe; 8% risk of failure)
Confirm with . or Enter, or press ? or * to list all spells.
You conjure some foxfire!
The rat barely misses you. The ball python bites you.
The ball python grabs you. The ball python constricts you.
You escape the ball python's grasp.
Your foxfire dissipates!
The foxfire hits the ball python.
You kill the ball python!
Casting: Foxfire (safe; 7% risk of failure)
Confirm with . or Enter, or press ? or * to list all spells.
You conjure some foxfire!
The rat bites you.
The foxfire hits the kobold.
You kill the kobold!
You hit the rat.
The rat is heavily wounded.
The foxfire hits the rat.
You kill the rat!
You see here a +0 short sword.
b - a +0 short sword Welcome back, selver the Djinni Fire Elementalist.
Press ? for a list of commands and other information.
Unknown command.
Unknown command.
Are you sure you want to abandon this character and quit the game? (Confirm with "yes".)

.#.......
#..........⌠.
.........
######.###...
......... ##'###..#
.....#..# #...##..#
........# #...##..#
........# #.<.##..#
........### #...##..#
#......# ####...##..#
#...#@.####.#######..#
#...##...##.#######..#
#... #............#...
###. #................
#. #............####
#. ##...........# ..
#...........#
#####.......#
#.......#


There were no monsters in sight!

Vanquished Creatures
  A ball python (D:1)
  A kobold (D:1)
  2 rats (D:1)
4 creatures vanquished.

Vanquished Creatures (others)
  4 foxfires (D:1)
4 creatures vanquished.

Grand Total: 8 creatures vanquished

Notes
Turn   | Place    | Note
-------+----------+-------------------------------------------
     0 | D:1      | selver the Djinni Fire Elementalist began the quest for the
                  | Orb.
     0 | D:1      | Reached XP level 1. HP: 15/15 MP: 0/0
    75 | D:1      | Quit the game

Illustrated notes

Levels and vault maps discovered:
D:1:      dpeg_arrival_rooms_a, layout_rooms, corexii_item_surrounded_by_moat,
          nicolae_figureground_pulse

Action                   || total
-------------------------++-------
Melee: Unarmed           ||     2
 Cast: Foxfire           ||     3
Dodge: Dodged            ||     1
